[Event "84th Armenian-HL-ch 2024"]
[Site "Yerevan"]
[Date "2024.01.14"]
[Round "3.5"]
[White "Tiraturyan, David"]
[Black "Petrosyan, Manuel"]
[Result "1-0"]
[ECO "A37"]
[WhiteElo "2258"]
[BlackElo "2627"]
[Annotator "RC"]
[PlyCount "137"]
[EventDate "2024.01.11"]
[EventType "tourn"]
[EventCountry "ARM"]
[SourceTitle "playchess.com"]
[Source "ChessBase"]
[SourceQuality "1"]
[TimeControl "40/5400+30:1800+30"]

1. c4 g6 2. g3 Bg7 3. Bg2 c5 4. Nc3 Nc6 5. Nf3 d6 6. d3 Qd7 7. O-O b6 8. e3 Bxc3 9. bxc3 Bb7 10. e4 f5 11. d4 Na5 12. d5 Nf6 13. exf5 Qxf5 14. Ng5 Qg4 15. Qe1 Qxc4 16. Nf7 O-O 17. Nh6+ Kh8 18. Qxe7 Bxd5 19. Bg5 Nh5 20. Qxd6 Bxg2 21. Kxg2 Qe4+ 22. f3 Qc2+ 23. Rf2 Qxc3 24. Rc1 Qd4 25. Qxd4+ cxd4 26. Rc7 Ng7 27. Re2 Rac8 28. Rxa7 Nf5 29. Ng4 Nc4 30. Nf6 Nce3+ 31. Rxe3 Nxe3+ 32. Kh3 Rxf6 33. Bxf6+ Kg8 34. Bxd4 Nf5 35. Bxb6 Rc6 36. Bc7 Rc3 37. Kg4 Ne3+ 38. Kh3 Nf5 39. f4 h5 40. Be5 Rd3 41. Bf6 Rd6 42. Bg5 Rd2 43. a4 Ra2 44. Bf6 Nd6 45. Be5 Nf7 46. Ra8+ Kh7 47. Bf6 g5 48. fxg5 Kg6 49. Ra5 Nd6 50. Bd8 Ne4 51. Ra6+ Kg7 52. a5 Nf2+ 53. Kh4 Ne4 54. Kxh5 Rxh2+ 55. Kg4 Ra2 56. Bf6+ Nxf6+ 57. gxf6+ Kg6 58. Kf4 Rf2+ 59. Ke4 Re2+ 60. Kd5 Ra2 61. Ke6 Re2+ 62. Kd7 Re5 63. g4 Kf7 64. Kc7 Kg6 65. Ra8 Kxf6 66. Rf8+ Kg7 67. Rf5 Re7+ 68. Kc6 Re6+ 69. Kb5 1-0

[Event "84th Armenian-HL-ch 2024"]
[Site "Yerevan"]
[Date "2024.01.15"]
[Round "4.1"]
[White "Petrosyan, Manuel"]
[Black "Davtyan, Artur"]
[Result "1-0"]
[ECO "B52"]
[WhiteElo "2627"]
[BlackElo "2477"]
[Annotator "TA"]
[PlyCount "53"]
[EventDate "2024.01.11"]
[EventType "tourn"]
[EventCountry "ARM"]
[SourceTitle "playchess.com"]
[Source "ChessBase"]
[SourceQuality "1"]
[TimeControl "40/5400+30:1800+30"]

1. e4 c5 2. Nf3 d6 3. Bb5+ Bd7 4. Bxd7+ Qxd7 5. O-O Nc6 6. c3 d5 7. exd5 Qxd5 8. d4 e6 9. Qa4 {[%emt 0:13:48] B52: Sicilian: Moscow Variation with 3...Bd7.} cxd4 10. Nxd4 {[%emt 0:04:13][%cal Bf3d4,Bd4b5,Bb5c7][%mdl 32] [#]} Qd7 $146 ({Predecessor:} 10... Nf6 11. Nb5 Rc8 12. Bf4 e5 13. Re1 Nd7 14. Nxa7 Ra8 15. Qb5 Bc5 16. Qxb7 Rxa7 17. Qc8+ Nd8 18. Na3 Ra8 19. Qc7 Ne6 20. Nb5 Nxf4 {0-1 Vandenbussche,T (2432)-Fontaine,Q (2324) BEL-ch Bruges 2021 (3)}) 11. Be3 {[%emt 0:11:12] White is slightly better.} (11. Nxc6 $5 Nf6 12. Nd2 $14) 11... Nge7 12. Nb5 {[%emt 0:05:13][%cal Of1d1] Hoping for Rd1!} Nd5 13. Rd1 $1 {[%emt 0:02:02] Black must now prevent c4.} Qc8 $1 {[%emt 0:10:57] [#]} 14. Rxd5 $1 exd5 15. Bf4 {[%emt 0:07:56] White is much more active. The black rooks are badly placed.} ({White should play} 15. Qf4 $1 $14) 15... Qg4 $2 ({Better is} 15... g5 $1 $11 16. Nc7+ (16. Bxg5 a6 $15) 16... Kd8) 16. h3 (16. Nc7+ $16 Kd7 17. Nxd5 (17. Nxa8 Bd6 $15)) 16... Qe2 $1 $14 17. Nc7+ Kd7 $1 {[%emt 0:15:50] ...Qe1+ would be deadly.} 18. Nxa8 {[%emt 0:01:04] Threatens to win with Na3.} (18. Na3 $5 Rd8 19. Nxd5 $11) 18... Qe1+ $2 (18... Bc5 19. Nd2 Rxa8 20. Rf1 $14) (18... Qxb2 $11 {and Black is okay.} 19. Qd1 (19. Qb3 Qxb3 20. axb3 Bd6 $15) 19... Qxa1 20. Qxd5+ Kc8 21. Qf5+ Kd8) 19. Kh2 $18 Bd6 $2 (19... Qe4 20. Qxe4 dxe4) 20. Bxd6 Kxd6 {[%emt 0:06:55] [#]} 21. Na3 $1 (21. Qf4+ Qe5 22. Qxe5+ Nxe5 $11) 21... Qxa1 22. Qf4+ Ke7 {[%emt 0:01:00][%cal Oa1b2] [#] ...Qxb2! is the strong threat.} (22... Ne5 $2 23. Nb5+ Kc6 24. Qxe5 Rxa8 25. Nd4+ Kd7 26. Qxd5+ (26. Qxg7 Qe1 $16) 26... Ke8 27. Qe5+ Kd7 28. Qd5+ Ke8 29. Qe5+ Kd7 30. Qb5+ Kd8 31. Qd5+ Ke8) 23. Qc7+ $1 (23. Nc7 Rd8 24. Nc2 Qb1 $17) 23... Kf6 $2 (23... Ke6 24. Qxb7 Nd8 25. Qa6+ (25. Qxa7 Qe1 $18) (25. Nc7+ Kd7 $18) 25... Ke5 26. Qe2+ (26. Qxa7 Ne6 $18) 26... Kd6 27. Nb5+ Kc6) 24. Qd6+ {[%emt 0:00:30] White is clearly winning.} Kg5 25. h4+ (25. Qxd5+ Kh6 $16) 25... Kxh4 26. Qxd5 {[%emt 0:00:30] Threatening mate with g3+.} Qf1 {[%emt 0:00:30] [#]} 27. Qf5 $1 {[%emt 0:00:30] Excellently played by Petrosyan!   Weighted Error Value: White=0.17 (very precise) /Black=0.59} 1-0

[Event "84th Armenian-HL-ch 2024"]
[Site "Yerevan"]
[Date "2024.01.15"]
[Round "4.2"]
[White "Chaqryan, Erik"]
[Black "Andriasian, Zaven"]
[Result "1/2-1/2"]
[ECO "A25"]
[WhiteElo "2308"]
[BlackElo "2581"]
[Annotator "TA"]
[PlyCount "36"]
[EventDate "2024.01.11"]
[EventType "tourn"]
[EventCountry "ARM"]
[SourceTitle "playchess.com"]
[Source "ChessBase"]
[SourceQuality "1"]
[TimeControl "40/5400+30:1800+30"]

1. c4 e5 2. g3 Nc6 3. Bg2 Nf6 4. Nc3 Bb4 5. e4 d6 6. Nge2 a5 {[%emt 0:03:50] A25: English Opening vs King's Indian with ...Nc6 but without early d3.} 7. O-O Be6 8. Nd5 Bc5 {[%emt 0:00:18] The position is equal.} 9. d3 {[%emt 0:00:52] [#]} h6 $146 {[%emt 0:04:17] Wards off Bg5} (9... Bg4 $5 ) ({Predecessor:} 9... Nd4 10. Nxd4 Bxd4 11. Bg5 Bxd5 12. cxd5 O-O 13. Qd2 c5 14. dxc6 bxc6 15. Rac1 c5 {½-½ Georgiev,V (2549)-Klinova,M (2368) Valle d'Aosta op 11th 2003 (6)}) 10. h3 Nd4 11. Be3 Bxd5 12. cxd5 Nxe2+ 13. Qxe2 Bxe3 14. Qxe3 {[%emt 0:01:14] White is slightly better.} O-O 15. d4 exd4 16. Qxd4 Nd7 17. Rac1 Re8 18. f4 Ra6 {[%emt 0:12:58] Weighted Error Value: White=0.04 (flawless) /Black=0.11 (very precise)} 1/2-1/2

[Event "84th Armenian-HL-ch 2024"]
[Site "Yerevan"]
[Date "2024.01.15"]
[Round "4.3"]
[White "Ter-Sahakyan, Samvel"]
[Black "Tiraturyan, David"]
[Result "1-0"]
[ECO "E73"]
[WhiteElo "2649"]
[BlackElo "2258"]
[Annotator "TA"]
[PlyCount "111"]
[EventDate "2024.01.11"]
[EventType "tourn"]
[EventCountry "ARM"]
[SourceTitle "playchess.com"]
[Source "ChessBase"]
[SourceQuality "1"]
[TimeControl "40/5400+30:1800+30"]

1. d4 Nf6 2. c4 g6 3. Nc3 Bg7 4. e4 d6 5. Be2 O-O 6. Be3 c5 7. d5 Qb6 {[%emt 0:00:05] E73: King's Indian: Averbakh Variation without 6...c5.} 8. Qc2 (8. Qc1 $16) 8... Ng4 {[%emt 0:00:48][%cal Bf6g4,Bg4h6,Bh6f5][%mdl 32] [#]} 9. Bc1 $146 ({Predecessor:} 9. Bxg4 Bxg4 10. h3 Bd7 11. Nf3 Na6 12. O-O Nc7 13. a4 Na6 14. Bf4 e5 15. dxe6 Bxe6 {½-½ Olsen,F (2401)-Thybo,J (2520) Aarhus Skolernes 50 2022 (8)}) 9... f5 {[%emt 0:01:12] White is slightly better.} 10. Nf3 fxe4 11. Nxe4 Qb4+ 12. Nfd2 Nh6 13. O-O Nf5 14. Nb3 a5 15. a4 Nd7 16. Bg5 Ne5 17. g4 (17. Kh1 {simplifies} Qb6 18. Bd2 Nd4 19. Nxd4 cxd4 20. f4) 17... Nd4 18. Nxd4 cxd4 19. Bxe7 (19. h3 $5 d3 20. Bxd3 Nf3+ 21. Kg2 Nxg5 22. Nxg5 $11) 19... d3 $1 {[%emt 0:06:44][%mdl 64] Deflection} 20. Bxd3 Nf3+ 21. Kh1 Bxg4 $1 {[%emt 0:00:25] And now ...Nd4 would win.} 22. Bxd6 Qb6 23. c5 Qd8 24. Bg3 {[%emt 0:10:37] Dodges Qh4} Kh8 $1 25. Nd6 (25. d6 $11 {keeps the balance.}) 25... Qg5 $2 (25... Nd4 $17 {and life is bright.} 26. Qb1 (26. Qc4 $2 Bf3+ 27. Kg1 Qg5 $19) 26... Bf3+ 27. Kg1 Qg5) 26. Be4 $16 (26. Nxb7 $2 Nd2 27. Kg1 (27. Be4 $2 Nxe4 {[%mdl 64] Remove Defender} 28. Qxe4 Bf3+ $19) 27... Nf3+ 28. Kh1 Nd2 $19) 26... Qh5 27. Ra3 (27. Nxb7 Rae8 28. Nd6 (28. Nxa5 $2 Nd4 $19 {[%mdl 64] Deflection}) 28... Nd4 29. Nxe8 (29. Qd3 $2 Rxe4 30. Nxe4 Bf3+ 31. Kg1 Qh3 $19) 29... Nxc2 30. Nxg7 Kxg7 $19) 27... Nd4 28. Qd2 Rf3 {[%emt 0:00:08] Hoping for ...Rxa3.} 29. Re3 (29. Nxb7 $2 Rxa3 30. bxa3 Bf3+ 31. Bxf3 Qxf3+ 32. Kg1 Ne2+ $19) 29... Raf8 30. Rfe1 Qh3 31. c6 (31. Qxa5 $2 Rxe3 32. Bg2 Bf3 $19) 31... bxc6 32. dxc6 {[%emt 0:00:03] Strongly threatening c7.} Nb3 $2 (32... h5 $16 {is a better chance.}) 33. Rxb3 $18 Rxb3 34. Bg2 (34. Qxa5 $2 Rxg3 $19) 34... Bf3 35. Bxf3 Rbxf3 36. Kg1 (36. Qxa5 $2 Rxf2 37. Rg1 Rf1 $19) 36... h5 37. Qg5 (37. Qxa5 $2 h4 38. Qd2 (38. Be5 Rxf2) 38... hxg3 39. hxg3 Rxf2 40. Qxf2 Rxf2 41. Kxf2 Qh2+ 42. Kf3 Qh5+ 43. Kf4 Qd5 $19) 37... Rxf2 (37... R3f6 $142 38. Rc1 (38. Qxa5 $2 h4 $19) 38... Kh7) 38. Bxf2 {[%emt 0:00:10] Threatens to win with Qg3.} Rxf2 39. Kxf2 Qxh2+ 40. Kf3 Qxd6 {[%emt 0:00:00][%mdl 4096] Endgame KQR-KQB} 41. c7 {[%emt 0:09:31][%mdl 64] Deflection} ({Less strong is} 41. Qxa5 Qxc6+ 42. Re4 Qf6+ 43. Kg3 (43. Ke2 Qxb2+ 44. Qd2 Qb7 $14) 43... Qxb2 $14) 41... Qxc7 42. Qxg6 {[%emt 0:01:03] Active counter play!} Qb7+ 43. Re4 (43. Kg3 $142 {White wants to mate with Re8+.} Qc7+ 44. Kh3 Qc8+ 45. Kh4 Qc4+ 46. Re4) 43... Qb3+ 44. Kf4 Qb8+ 45. Kf5 $1 Qf8+ {[%emt 0:01:01] [#]} 46. Kg5 $2 (46. Ke6 $1 $18 {[%cal Re6d7] Threatening mate with Kd7.} Qc5 47. Qe8+ Kh7 48. Kd7) 46... Qd8+ $14 47. Kxh5 Qd5+ $1 48. Kh4 Qd8+ 49. Kh3 Qd3+ 50. Kh2 ({White should play} 50. Kg4 $14 Qd1+ 51. Kf4 Qf1+ 52. Kg5 Qg2+ 53. Kh5 Qf3+ 54. Rg4 Qd5+ 55. Kh4 (55. Rg5 Qh1+ 56. Kg4 Qg2+ 57. Kf5 Qf3+ 58. Ke6 Qc6+ 59. Kf5 Qf3+ 60. Ke6 Qc6+ 61. Kf5 Qf3+ $11) 55... Qh1+ 56. Kg5 Bh6+ 57. Qxh6+ Qxh6+ 58. Kxh6) 50... Be5+ $1 $11 51. Kg2 (51. Rxe5 $2 {is the wrong capture.} Qxg6 52. Re3 Qc2+ 53. Kg3 Qxa4 $19) 51... Qc2+ 52. Kh3 Qd3+ $2 {[%emt 0:00:14][%mdl 8192] [#]} (52... Qh2+ $11 53. Kg4 Qg3+ 54. Kh5 Qf3+ 55. Rg4 Qh3+ 56. Rh4 Qg3 57. Qh6+ Kg8 58. Rg4+ Kf7 59. Qg6+ Ke7 60. Rxg3 Bxg3 61. Qxg3 Kd7) 53. Kh4 $1 $18 Qd8+ 54. Kh5 {[%emt 0:00:31] Qh6+ would kill now.} Qd1+ 55. Rg4 (55. Qg4 $18 Qxg4+ 56. Rxg4 Bxb2 57. Rg5 Bc1 58. Rc5 Ba3 59. Rxa5 Kg7 60. Rf5) 55... Qh1+ 56. Rh4 {[%emt 0:00:33] An entertaining game by Ter-Sahakyan.   Weighted Error Value: White=0.33/Black=0.17 (very precise)} 1-0

[Event "84th Armenian-HL-ch 2024"]
[Site "Yerevan"]
[Date "2024.01.15"]
[Round "4.4"]
[White "Gharibyan, Mamikon"]
[Black "Piliposyan, Robert"]
[Result "1-0"]
[ECO "D35"]
[WhiteElo "2504"]
[BlackElo "2367"]
[Annotator "TA"]
[PlyCount "117"]
[EventDate "2024.01.11"]
[EventType "tourn"]
[EventCountry "ARM"]
[SourceTitle "playchess.com"]
[Source "ChessBase"]
[SourceQuality "1"]
[TimeControl "40/5400+30:1800+30"]

1. d4 Nf6 2. c4 e6 3. Nf3 d5 4. Nc3 c6 5. cxd5 exd5 6. Bf4 Bd6 7. Bxd6 Qxd6 8. e3 Bf5 9. Nh4 {[%emt 0:01:56] D35: Queen's Gambit Declined: Exchange Variation.} Be6 10. Bd3 O-O 11. h3 {[%emt 0:01:48] White has an edge.} Qe7 12. Nf3 Nbd7 13. O-O {[%emt 0:06:25] [#]} Ne8 $146 ({Predecessor:} 13... g6 14. Re1 Ne4 15. Nxe4 dxe4 16. Bxe4 Bxh3 17. Nd2 Be6 18. Bf3 Nf6 19. Nb3 h5 {½-½ Livaic,L (2569)-Najer,E (2666) EU-ch 23rd Vrnjacka Banja 2023 (3)}) 14. Qb1 g6 15. b4 Nd6 16. b5 Bf5 17. Bxf5 Nxf5 18. bxc6 bxc6 19. Rc1 Rab8 20. Qc2 Rfc8 21. Rab1 Nb6 22. Ne5 Qd6 23. Na4 Ne7 24. Nc5 f6 25. Ned3 {[%emt 0:01:14] White is much more active.} Nc4 (25... Nf5 $1 $14) 26. Rb3 Rb6 27. Qc3 Rcb8 {[%emt 0:00:22] [#]} (27... Qc7 $142) 28. Nb2 Nxb2 $14 29. Qxb2 Nc8 (29... Rxb3 $14 30. axb3 Rb5) 30. Qa3 Qe7 31. Qa4 Qd6 32. g3 Rxb3 (32... Kf7 $16 {is a better defense.} 33. Kh2 Kg8) 33. axb3 $18 ({Don't take} 33. Nxb3 $6 Rb6 $14) 33... Rb6 34. Nd3 (34. e4 $18 {is more deadly.}) 34... Qd7 $16 35. h4 Qb7 36. Nc5 Qe7 37. Ra1 Qc7 38. Qa5 Qe7 39. Ra2 Qc7 (39... Kg7 $142) 40. Kg2 ({Better is} 40. Rc2) 40... Qe7 41. Ra1 Qc7 {[%emt 0:04:03] [#]} (41... h5 $142) 42. h5 $1 gxh5 43. Rh1 Nd6 44. Rxh5 Qe7 45. Rh4 Kh8 46. Rf4 Kg7 47. Qa1 Nf7 (47... Rb8 $142 48. Qd1 a5) 48. Qb1 (48. e4 $142) 48... Nh6 $2 (48... Nd6 {might work better.} 49. Qd1 (49. Rh4 Kh8 $16) 49... Rb8) 49. Rh4 $18 {[%emt 0:01:37] aiming for Qh1.} f5 50. Qh1 Qd6 51. Rh5 Rb8 52. Qh4 {[%emt 0:06:34] Qg5+ is the strong threat.} Re8 53. Nb7 (53. Qg5+ Qg6 54. Nd7 Qxg5 55. Rxg5+ Kh8 $18) 53... Qe6 54. Qg5+ Qg6 55. Nd6 {[%emt 0:00:41] Black is weak on the dark squares} Rf8 56. Qe7+ Rf7 57. Nxf7 Qxh5 58. Ng5+ {[%emt 0:01:16][%mdl 64] Discovered Attack} Kg6 59. Ne6 {[%emt 0:00:43] Weighted Error Value: White=0.16 (very precise) /Black=0.39} ({Weaker is} 59. Qxh7+ Kxg5 60. Qe7+ Kg6 $11) 1-0

[Event "84th Armenian-HL-ch 2024"]
[Site "Yerevan"]
[Date "2024.01.15"]
[Round "4.5"]
[White "Harutyunyan, Tigran K."]
[Black "Hovhannisyan, Robert"]
[Result "1/2-1/2"]
[ECO "D02"]
[WhiteElo "2523"]
[BlackElo "2611"]
[Annotator "TA"]
[PlyCount "68"]
[EventDate "2024.01.11"]
[EventType "tourn"]
[EventCountry "ARM"]
[SourceTitle "playchess.com"]
[Source "ChessBase"]
[SourceQuality "1"]
[TimeControl "40/5400+30:1800+30"]

1. d4 Nf6 2. Nf3 d5 3. Bf4 c5 4. e3 Nc6 5. Nbd2 Nh5 6. dxc5 {[%emt 0:01:31] D02: 1 d4 d5 2 Nf3 sidelines, including 2...Nf6 3 g3 and 2...Nf6 3 Bf4.} Nxf4 7. exf4 g6 8. c3 {[%emt 0:01:39] White is slightly better.} Bh6 9. g3 O-O 10. Bg2 b6 {[%emt 0:08:21] [#]} 11. Nb3 $146 ({Predecessor:} 11. cxb6 Qxb6 12. O-O Ba6 13. Re1 Qxb2 14. Qb3 Qxb3 15. axb3 Bb7 16. b4 e6 17. Nb3 {½-½ Harikrishna,P (2704)-Pichot,A (2638) ChessKid Cup Div 3 W rapid 2023 (5.2)}) 11... bxc5 12. Nxc5 Qb6 13. Nd3 {[%emt 0:03:28] Excellent horsemanship.} ({Better is} 13. Qxd5 $14 Rd8 14. Qc4) 13... Ba6 $11 14. O-O Rfd8 (14... Rac8 $11) 15. b4 (15. b3 $14) 15... d4 (15... Bg7 $11) 16. Nxd4 Nxd4 {[%emt 0:00:30] The position is equal.} 17. cxd4 (17. Bxa8 {with more complications.} Nc2 18. b5 Bxb5 19. Rb1) 17... Rac8 18. a4 $1 Rxd4 19. b5 Rcd8 {[%emt 0:03:05] [#] ...Bc8 would be deadly.} 20. bxa6 {[%emt 0:00:31] And now Ra3 would win.} Rxd3 21. Qe2 e6 22. Rfd1 Rxd1+ 23. Rxd1 Rxd1+ 24. Qxd1 Qxa6 {[%emt 0:00:02][%mdl 4096] Endgame KQB-KQB} 25. Qc2 Bf8 26. Bf3 Qb6 27. Kg2 Bc5 28. h4 h5 29. Be4 Kf8 30. Bf3 Qb4 31. Bc6 a5 32. Bf3 Qd4 33. Bc6 Ke7 34. Bf3 Kf8 {[%emt 0:03:47] Weighted Error Value: White=0.10 (very precise) /Black=0.08 (flawless)} 1/2-1/2

[Event "84th Armenian-HL-ch 2024"]
[Site "Yerevan"]
[Date "2024.01.16"]
[Round "5.1"]
[White "Hovhannisyan, Robert"]
[Black "Gharibyan, Mamikon"]
[Result "1-0"]
[ECO "C48"]
[WhiteElo "2611"]
[BlackElo "2504"]
[Annotator "RC"]
[PlyCount "73"]
[EventDate "2024.01.11"]
[EventType "tourn"]
[EventCountry "ARM"]
[SourceTitle "playchess.com"]
[Source "ChessBase"]
[SourceQuality "1"]
[TimeControl "40/5400+30:1800+30"]

1. e4 e5 2. Nf3 Nc6 3. Nc3 Nf6 4. Bb5 Nd4 5. Nxd4 exd4 6. e5 dxc3 7. exf6 Qxf6 8. dxc3 Bc5 9. Qe2+ Qe6 10. Qxe6+ fxe6 11. f3 c6 12. Bd3 O-O 13. Bg5 d5 14. O-O-O b5 15. Bh4 a5 16. Rde1 Bd7 17. Bg3 Be7 18. b3 a4 19. b4 c5 20. bxc5 Bxc5 21. Be5 Be7 22. f4 Rac8 23. g3 Bf6 24. Kd2 Rc5 25. Bd4 Rc7 26. Re3 Kf7 27. h4 h5 28. Be5 Rc5 29. Be2 Bxe5 30. fxe5 Kg6 31. Rf1 Rxf1 32. Bxf1 Kf5 33. Bh3+ Kg6 34. Rf3 Rc4 35. Bf1 Rg4 36. Bd3+ Kh6 37. Rf7 1-0

[Event "84th Armenian-HL-ch 2024"]
[Site "Yerevan"]
[Date "2024.01.16"]
[Round "5.2"]
[White "Piliposyan, Robert"]
[Black "Petrosyan, Manuel"]
[Result "0-1"]
[ECO "E91"]
[WhiteElo "2367"]
[BlackElo "2627"]
[Annotator "TA"]
[PlyCount "90"]
[EventDate "2024.01.11"]
[EventType "tourn"]
[EventCountry "ARM"]
[SourceTitle "playchess.com"]
[Source "ChessBase"]
[SourceQuality "1"]
[TimeControl "40/5400+30:1800+30"]

1. d4 Nf6 2. c4 c5 3. d5 g6 4. Nc3 Bg7 5. e4 d6 6. Nf3 O-O 7. Be2 e6 8. O-O exd5 9. exd5 Bg4 $1 {[%emt 0:00:05][%mdl 4] is recently more successful than 9...Re8.} 10. h3 Bxf3 11. Bxf3 Nbd7 {[%emt 0:00:18] E91: King's Indian: Classical: 6 Be2, unusual replies including 6...c5 and 6...Bg4.} 12. Bf4 Ne8 13. Qd2 f5 $5 {[%emt 0:08:00][%mdl 4] White is slightly better. Exploring less charted territory.} 14. Be2 {[%emt 0:07:59] [#]} Be5 $146 ({Predecessor:} 14... Ne5 15. Rfe1 Nf7 16. Be3 g5 17. f4 h6 18. Rf1 Qf6 19. Rae1 Qg6 20. Bd3 g4 21. hxg4 Qxg4 {0-1 Van der Werf,M (2389)-Korchmar,V (2450) Titled Tuesday intern op 11th Jan blitz 2022 (3)}) 15. Bg5 Ndf6 16. Be3 Qa5 17. Rac1 a6 18. a3 Rb8 19. b4 Qxa3 20. bxc5 dxc5 21. Nb1 Qb4 22. Qxb4 (22. Qd3 $11 {keeps the balance.}) 22... cxb4 $17 23. f4 {[%emt 0:00:05] [#]} Bc7 24. c5 Nxd5 25. Bc4 Nef6 26. Bd4 b5 27. Ba2 Rf7 28. c6 {[%emt 0:04:27] [#]} (28. Rcd1 {was worth a try.}) 28... Kf8 $1 $19 ({Stronger than} 28... Bxf4 29. Rce1 (29. Rxf4 $2 Nxf4 30. Rc2 N6h5 $19) 29... Bc7 30. Bxf6 Rxf6 31. Rd1 $15 (31. Bxd5+ Kf8 $15)) 29. Bc5+ Kg7 {[%emt 0:00:05] aiming for ...Rd8.} 30. Bd4 $2 {[%emt 0:01:42][%mdl 8192] White does not recover from this.} (30. g3 $17) 30... Nxf4 31. Rce1 {[%emt 0:02:27] Repels Ne2+} a5 {[%emt 0:00:20][%cal Ob8d8] White must now prevent ...Rd8!} 32. g3 (32. Bxf7 {might work better.} Kxf7 33. Be5 Bxe5 34. Rxe5) 32... Nxh3+ 33. Kg2 Ng5 34. g4 f4 35. Bxf7 $2 (35. Nd2 Rd8 36. Ne4 f3+ 37. Kh1 Rxd4 38. Nxg5 Rxg4 39. Ne6+ Kh6 40. Rxf3) 35... Kxf7 {[%emt 0:01:14] Black is clearly winning.} 36. Be5 f3+ 37. Kg3 Nge4+ 38. Kf4 g5+ 39. Kf5 Bxe5 40. Kxe5 Re8+ ({Less strong is} 40... Nxg4+ 41. Kxe4 f2 42. Kd4 $16) 41. Kd4 f2 42. Rc1 Ke7 43. Ke3 Kd6 (43... Nxg4+ $2 {is the wrong capture.} 44. Kxe4 Kd6+ 45. Kd3 $17) 44. Kf3 Kc7 45. Rfd1 Re6 {[%emt 0:01:10] Excellently played by Petrosyan!   Weighted Error Value: White=0.51/Black=0.11 (very precise)} 0-1

[Event "84th Armenian-HL-ch 2024"]
[Site "Yerevan"]
[Date "2024.01.16"]
[Round "5.3"]
[White "Davtyan, Artur"]
[Black "Ter-Sahakyan, Samvel"]
[Result "0-1"]
[ECO "D02"]
[WhiteElo "2477"]
[BlackElo "2649"]
[Annotator "TA"]
[PlyCount "128"]
[EventDate "2024.01.11"]
[EventType "tourn"]
[EventCountry "ARM"]
[SourceTitle "playchess.com"]
[Source "ChessBase"]
[SourceQuality "1"]
[TimeControl "40/5400+30:1800+30"]

1. d4 Nf6 2. Nf3 d5 3. Bf4 c5 4. e3 Nc6 5. Nbd2 e6 6. c3 cxd4 7. cxd4 {[%emt 0:23:08] D02: 1 d4 d5 2 Nf3 sidelines, including 2...Nf6 3 g3 and 2...Nf6 3 Bf4.} Qb6 {[%emt 0:10:41] 7...Nh5 is becoming the main line.} 8. Qb3 Qxb3 9. Nxb3 {[%emt 0:00:06] The position is equal.} Bb4+ 10. Nbd2 Nh5 {[%emt 0:00:34] [#]} 11. Bc7 $146 ({Predecessor:} 11. Bg5 h6 12. Bh4 g5 13. Bg3 Bd7 14. a3 Be7 15. b4 Rc8 16. Rc1 O-O 17. Be2 Nxg3 18. hxg3 Nxd4 19. Rxc8 Nxf3+ 20. Nxf3 Rxc8 {0-1 Turzo,A (2303)-Alekseev,E (2626) Titled Tuesday intern op 15th Sept blitz 2020 (4)}) 11... Kd7 12. Bg3 Nxg3 13. hxg3 Ke7 14. g4 Bd7 15. g5 Bd6 16. a3 e5 17. dxe5 Nxe5 18. Nd4 Rac8 19. N2f3 Nc4 20. Rb1 (20. Bxc4 {simplifies} dxc4 21. Ne2 h6 22. gxh6 Rxh6 23. Rxh6 gxh6 24. Kd2) 20... g6 21. Bd3 (21. Bxc4 $11 dxc4 22. Rh4) 21... Nxb2 $1 $15 {[%emt 0:04:52][%mdl 64] [#] Deflection} 22. Rxb2 ({White should play} 22. Bb5 $15) 22... Rc1+ $19 23. Kd2 (23. Ke2 $17 {might work better.} Rxh1 24. Rxb7) 23... Rxh1 24. Rxb7 Rc8 (24... Bxa3 $2 25. Ne5 Rc8 26. Nxd7 $18) 25. Rxa7 Ra1 26. Nc2 Ra2 27. Ra5 {[%emt 0:00:04] [#]} Bxa3 $1 28. Kd1 (28. Rxa3 Rcxc2+) 28... Rc3 29. Nfe1 Be6 30. Ra6 d4 31. exd4 Bd6 32. Rxa2 Bxa2 33. g3 {[%emt 0:00:07] Against Bf4} Bc7 34. Ke2 Bb6 35. Nf3 Bd5 {[%emt 0:02:16] ...Bxf3+ would be deadly.} 36. Nd2 Rc8 37. Ke3 Rd8 {[%emt 0:01:21] Black is much more active.} 38. Be4 Be6 39. Nf3 Kd6 (39... Rc8 $19 40. Kd3 f5 41. gxf6+ Kxf6) 40. Ne5 Rc8 41. Nb4 Rc3+ 42. Nbd3 Ra3 43. Nc6 (43. Bc6 $17) 43... Bc4 {[%emt 0:06:23] Threatens to win with ...Bxd3.} 44. Nce5 Bxd3 45. Nxd3 {[%emt 0:08:29][%mdl 4096] Endgame KRB-KBN} Ra4 46. f4 Bxd4+ 47. Kf3 Ra3 48. g4 (48. Ke2 $142) 48... Ra2 49. Kg3 Re2 50. Bf3 Re8 ({Don't go for} 50... Re3 $2 51. Nf2) 51. Kg2 Kc7 52. Nb4 Kb6 53. Nd3 Kb5 54. Bd5 $2 (54. Nf2) 54... Re3 {[%emt 0:01:32] Black is clearly winning.} 55. Nc1 Bb2 56. Nb3 Kb4 57. Bxf7 Rxb3 58. Bxb3 Kxb3 {[%emt 0:00:02] KB-K3P} 59. Kf3 Kc4 60. Ke4 Kc5 61. f5 Kd6 62. Kf3 Ke5 63. Kg3 Bc1 64. Kh4 Bd2 {[%emt 0:00:07] Weighted Error Value: White=0.51/Black=0.08 (flawless)} ({Weaker is} 64... gxf5 65. gxf5 Kf4 66. g6 hxg6 67. fxg6 $11) 0-1